 Dungeon Crawl Stone Soup version 0.32-a0-131-g9dbbe29261 (webtiles) character file.

Game seed: 5455342716233568120

4015 Ambrosia the Magician (level 9, 0/71 HPs)
             Began as a Demigod Fire Elementalist on Feb 7, 2024.
             Slain by a black bear (1 damage)
             ... on level 8 of the Dungeon on Feb 8, 2024.
             The game lasted 00:21:23 (10238 turns).

Ambrosia the Magician (Demigod Fire Elementalist)  Turns: 10238, Time: 00:21:23

Health: 0/71       AC:  7    Str:  9    XL:     9   Next: 74%
Magic:  10/21      EV: 14    Int: 29    God:
Gold:   465        SH:  0    Dex: 18    Spells: 4/19 levels left

rFire   + . .        i - +0 double sword
rCold   + . .        (no shield)
rNeg    . . .        u - +2 robe of Nuosen {Dex+4}
rPois   +            (no helmet)
rElec   .            p - scarf {rC+ rF+}
rCorr   .            m - +2 pair of gloves
SInv    .            (no boots)
Will    .....        n - amulet of the acrobat
Stlth   ++           e - ring of poison resistance {rP+}
HPRegen 0.31/turn    (no ring)
MPRegen 0.17/turn

%: acrobat
@: about to teleport
A: high MP 1, forlorn, divine attributes
a: no special abilities


You were on level 8 of the Dungeon.
You visited 1 branch of the dungeon, and saw 9 of its levels.

You collected 465 gold pieces.

Inventory:

Hand Weapons
 b - a +4 hand axe of flaming
   (You found it on level 1 of the Dungeon)
 i - a +0 double sword (weapon)
   (You found it on level 8 of the Dungeon)
Armour
 a - a +1 robe
 m - a +2 pair of gloves (worn)
   (You found it on level 4 of the Dungeon)
 p - a scarf of resistance (worn)
   (You found it on level 5 of the Dungeon)
 u - the +2 robe of Nuosen (worn) {Dex+4}
   (You found it on level 7 of the Dungeon)

   Dex+4:     It affects your dexterity (+4).
 v - +0 steam dragon scales
   (You found it on level 7 of the Dungeon)
Magical Staves
 k - a staff of fire {rF+}
   (You found it on level 5 of the Dungeon)
Jewellery
 c - an amulet of reflection
   (You found it on level 2 of the Dungeon)
 e - a ring of poison resistance (left hand) {rP+}
   (You found it on level 4 of the Dungeon)
 n - an amulet of the acrobat (around neck)
   (You found it on level 5 of the Dungeon)
Wands
 q - a wand of flame (29)
   (You found it on level 5 of the Dungeon)
 r - a wand of iceblast (3)
   (You found it on level 5 of the Dungeon)
 s - a wand of digging (6)
   (You found it on level 7 of the Dungeon)
Scrolls
 f - 3 scrolls of identify {@r1}
Potions
 d - a potion of ambrosia
 g - a potion of brilliance {unknown}
 h - 2 potions of mutation {!q}
 l - a potion of lignification {!q}
 t - a potion of attraction {!q}


   Skills:
 + Level 4.3 Fighting
 + Level 4.1 Armour
 + Level 4.6 Dodging
 - Level 1.7 Stealth
 * Level 5.9 Spellcasting
 * Level 4.5 Conjurations
 + Level 5.2 Fire Magic
 + Level 5.7 Ice Magic
 * Level 1.0 Alchemy


You had 4 spell levels left.
You knew the following spells:

 Your Spells              Type           Power      Damage    Failure   Level
a - Foxfire               Conj/Fire      100%       2x1d9     1%          1
f - Frozen Ramparts       Ice            84%        1d13      1%          3
i - Irradiate             Conj/Alch      12%        3d15      45%         5
z - Scorch                Fire           78%        2d8       1%          2
Z - Flame Wave            Conj/Fire      37%        2d10      8%          4

Your spell library contained the following spells:

 Spells                   Type           Power      Damage    Failure   Level
 Sting                    Conj/Alch      96%        1d9       1%          1
 Kiss of Death            Conj/Necr      84%        2d11      2%          1
 Summon Ice Beast         Ice/Summ       25%        N/A       5%          3
 Apportation              Tloc           16%        N/A       6%          1
 Necrotise                Necr           32%        1d5       6%          1
 Slow                     Hex            32%        N/A       6%          1
 Summon Small Mammal      Summ           32%        N/A       6%          1
 Inner Flame              Hex/Fire       23%        N/A       6%          3
 Volatile Blastmotes      Fire/Tloc      46%        2d13      6%          3
 Call Canine Familiar     Summ           8%         N/A       17%         3
 Confusing Touch          Hex            8%         N/A       17%         3
 Sigil of Binding         Hex            8%         N/A       17%         3
 Tukima's Dance           Hex            8%         N/A       17%         3
 Vampiric Draining        Necr           8%         2d6       17%         3
 Summon Blazeheart Golem  Fire/Summ      23%        N/A       19%         4
 Iskenderun's Mystic Bla  Conj/Tloc      21%        2d6       22%         4
 Leda's Liquefaction      Alch/Erth      5%         N/A       41%         4
 Petrify                  Alch/Erth      11%        N/A       41%         4
 Animate Dead             Necr           8%         N/A       50%         4
 Dimensional Bullseye     Hex/Tloc       4%         N/A       50%         4
 Dispel Undead            Necr           8%         3d8       50%         4
 Metabolic Englaciation   Hex/Ice        12%        N/A       43%         5
 Borgnjor's Vile Clutch   Necr/Erth      4%         N/A       85%         5
 Summon Mana Viper        Hex/Summ       8%         N/A       85%         5
 Death Channel            Necr           4%         N/A       100%        6
 Monstrous Menagerie      Summ           4%         N/A       100%        7
 Orb of Destruction       Conj           17%        9d7       100%        7
 Spellforged Servitor     Conj/Summ      10%        N/A       100%        7
 Ignition                 Fire           19%        3d7       100%        8


Dungeon Overview and Level Annotations

Branches:
Dungeon (9/15) Zot: 25578  Temple (0/1) D:6            Lair (0/5) D:8
    Orc: D:9-12

Shops:
D:9 *

Annotations:
D:9 2 transporters, jfitz's ghost, novice HOFi


Innate Abilities, Weirdness & Mutations

You have an increased reservoir of magic. (+10% MP)
You shall have no god before yourself.
Your divine heritage dramatically boosts your attributes as you level up.


Message History

You are slowing down.
The yak snorts and paws the ground.
Your limbs are stiffening.
Casting: Frozen Ramparts (safe; 1% risk of failure)
Okay, then.
Really quaff
l - a potion of lignification {!q}?
Okay, then.
You have turned to stone.
The elephant tramples you.
You hold your ground!
The elephant trunk-slaps you but does no damage.
The yak gores you but does no damage. The elephant tramples you!
You hold your ground!
The elephant trunk-slaps you. The yak gores you. The elephant tramples you.
You hold your ground!
The elephant trunk-slaps you. The yak gores you. The elephant tramples you.
You hold your ground!
The elephant trunk-slaps you but does no damage.
The yak gores you! The elephant tramples you!
You hold your ground!
The elephant trunk-slaps you. The yak gores you. The elephant tramples you.
You hold your ground!
The elephant trunk-slaps you but does no damage.
The yak gores you! The elephant tramples you!
You hold your ground!
The elephant trunk-slaps you but does no damage.
The yak gores you! The elephant tramples you!
You hold your ground!
The elephant trunk-slaps you. The yak gores you.
The elephant tramples you but does no damage.
The elephant trunk-slaps you. The yak gores you. The elephant tramples you!
* * * LOW HITPOINT WARNING * * *
You hold your ground!
The elephant trunk-slaps you but does no damage.
The yak barely misses you.
You turn to flesh and can move again.
You take 54 damage, and have 17/71 hp.
MASSIVE DAMAGE!!
Okay, then.
Casting: Frozen Ramparts (safe; 1% risk of failure)
Casting: Frozen Ramparts (safe; 1% risk of failure)
Press: ? - help, Dir - look around, f - activate The walls around you are covered in ice.
The wall freezes the elephant but does no damage.
The elephant tramples you!
* * * LOW HITPOINT WARNING * * *
You stumble backwards!
The frozen ramparts melt away as you move.
You take 7 damage, and have 11/71 hp.
You now have 18/21 mp.
Unknown command.
Casting: Frozen Ramparts (safe; 1% risk of failure)
Casting: Frozen Ramparts (safe; 1% risk of failure)
Press: ? - help, Dir - look around, f - activate The walls around you are covered in ice.
The black bear growls angrily.
The wall freezes the elephant!
The elephant barely misses you. The elephant closely misses you.
The wall freezes the yak.
The wall freezes the basilisk.
The basilisk seems to slow down.
You now have 15/21 mp.
Unknown command.
Unknown command.
Casting: Frozen Ramparts (safe; 1% risk of failure)
Casting: Flame Wave (dangerous; 8% risk of failure)
Press: ? - help, Dir - look around, f - activate A wave of flame ripples out!
The flame wave engulfs the elephant. (Press . to intensify the flame waves.)
The wall freezes the elephant!
The elephant barely misses you.
The elephant trunk-slaps you but does no damage.
The wall freezes the yak!
You now have 11/21 mp.
Unknown command.
A wave of flame ripples out!
The flame wave engulfs the elephant.
The flame wave engulfs the yak.
The wall freezes the elephant but does no damage.
The elephant tramples you.
* * * LOW HITPOINT WARNING * * *
You hold your ground!
The elephant completely misses you.
The wall freezes the basilisk!
The basilisk seems to slow down.
The wall freezes the yak!
You take 6 damage, and have 6/71 hp.
You now have 10/21 mp.
A wave of flame ripples out!
The flame wave engulfs the elephant!
The flame wave engulfs the yak!
The flame wave engulfs the basilisk!
You finish channelling waves of flame.
The wall freezes the elephant but does no damage.
The elephant tramples you.
* * * LOW HITPOINT WARNING * * *
You stumble backwards!
The frozen ramparts melt away as you move.
You take 2 damage, and have 4/71 hp.
You now have 9/21 mp.
Really read
o - a scroll of teleportation {!r!d, @r3}?
As you read the scroll of teleportation {!r!d, @r3}, it crumbles to dust.
You feel strangely unstable. The elephant barely misses you.
The elephant trunk-slaps you but does no damage.
Unknown command.
Unknown command.
You feel better. The elephant tramples you!
* * * LOW HITPOINT WARNING * * *
You stumble backwards!
The black bear barely misses you. The black bear claws you.
You die...

##...........#####
#..?..>.....## #.
#..........## #.
#..........# #.
#l#.....P.## ##
#Y#.l.....# ###
#.##.....## #..
#Y###...## #.#
#@h....## ####.#
#......## #....#
#.......# #.####
#.......#####.#
#........5ยง.5.#
###....########
####.# ..# #..


You could see an elephant, a yak, a basilisk (slow) and a black bear.

Vanquished Creatures
  A hornet (D:9)
  6 yaks (D:9)
  A steam dragon (D:7)
  2 ice beasts (D:6)
  2 black bears (D:5 D:6)
  2 orc warriors (D:8 D:9)
  4 ogres (D:5 D:6)
  2 centaurs (D:5 D:6)
  A phantom (D:5)
  A bullfrog (D:9)
  A kobold brigand (D:9)
  3 scorpions (D:5 D:6)
  4 wights (D:8)
  11 killer bees (D:7 D:9)
  3 howler monkeys (D:9)
  A bombardier beetle (D:6)
  2 orc priests (D:4 D:7)
  2 hounds (D:5 D:6)
  Jessica (D:3)
  2 iguanas (D:5)
  7 orc wizards (D:4 D:7 D:8 D:9)
  4 adders (D:2 D:3 D:5 D:6)
  4 gnolls (D:5)
  4 ufetubi (D:4 D:5)
  4 dart slugs (D:2 D:5)
  2 ribbon worms (D:2 D:3)
  38 orcs (D:4 D:5 D:6 D:7 D:8)
  A ball python (D:2)
  A bat (D:3)
  An endoplasm (D:1)
  5 giant cockroaches (D:1 D:2 D:3)
  2 goblins (D:2 D:3)
  2 hobgoblins (D:1 D:3)
  6 jackals (D:1 D:3)
  2 quokkas (D:1 D:3)
  A frilled lizard (D:1)
  7 kobolds (D:1 D:3 D:4 D:9)
  3 rats (D:1)
146 creatures vanquished.

Vanquished Creatures (others)
  An orc (D:9)
  341 foxfires (D:1 D:2 D:3 D:4 D:5)
342 creatures vanquished.

Grand Total: 488 creatures vanquished

Notes
Turn   | Place    | Note
-------+----------+-------------------------------------------
     0 | D:1      | Ambrosia the Demigod Fire Elementalist began the quest for
                  | the Orb.
     0 | D:1      | Reached XP level 1. HP: 14/14 MP: 5/5
    47 | D:1      | Reached skill level 1 in Conjurations
    53 | D:1      | HP: 7/14 [jackal (1)]
    61 | D:1      | HP: 5/14 [jackal (1)]
   540 | D:1      | Reached skill level 2 in Spellcasting
   600 | D:1      | Reached XP level 2. HP: 18/20 MP: 4/7
   842 | D:1      | Learned a level 2 spell: Scorch
   862 | D:1      | Upgraded the game from 0.32-a0-128-g77eb882913 to
                  | 0.32-a0-131-g9dbbe29261
  1042 | D:2      | Reached skill level 2 in Dodging
  1312 | D:2      | Reached skill level 3 in Fire Magic
  1312 | D:2      | Reached XP level 3. HP: 27/27 MP: 4/8
  1971 | D:3      | Learned a level 3 spell: Frozen Ramparts
  1982 | D:3      | Identified the +0 chain mail of Liarobb {+Inv rF+ rN+}
  2545 | D:3      | Identified the +0 scale mail of Resilience {Str+3}
  2800 | D:3      | Noticed Jessica
  2802 | D:3      | Killed Jessica
  2803 | D:3      | Reached XP level 4. HP: 34/34 MP: 5/10
  2906 | D:3      | Reached skill level 1 in Fighting
  3045 | D:4      | Reached skill level 1 in Armour
  3279 | D:4      | HP: 16/35 [something/puff of flame (6)]
  3284 | D:4      | HP: 16/35 [orc priest/+0 dagger (1)]
  3286 | D:4      | Reached skill level 1 in Ice Magic
  3292 | D:4      | HP: 17/35 [orc/+0 flail (1)]
  3648 | D:4      | Identified the +5 scale mail of Dogma {Regen+ Str+4}
  3797 | D:5      | Entered Level 5 of the Dungeon
  3836 | D:5      | Reached XP level 5. HP: 40/40 MP: 5/11
  3957 | D:5      | Reached skill level 2 in Conjurations
  3961 | D:5      | elongatedgoose: hey you... your finally awake
  4024 | D:4      | Ambrosia: dark souls is funni
  4071 | D:5      | Noticed a black bear
  4079 | D:5      | HP: 19/40 [black bear (2)]
  4082 | D:5      | Killed a black bear
  4083 | D:5      | Reached skill level 3 in Spellcasting
  4174 | D:5      | elongatedgoose: i love darksouls
  4257 | D:5      | elongatedgoose: did u play it?
  4257 | D:5      | Ambrosia: nah
  4257 | D:5      | Ambrosia: just a pop meme
  4262 | D:5      | Reached XP level 6. HP: 44/47 MP: 8/13
  4306 | D:5      | elongatedgoose: its honestly my favorite game series
  4311 | D:5      | Learned a level 4 spell: Flame Wave
  4325 | D:5      | Ambrosia: demigaming
  4325 | D:5      | elongatedgoose: i just picked up sekrio yesterday
  4406 | D:5      | Reached skill level 2 in Ice Magic
  4611 | D:5      | Reached skill level 2 in Fighting
  4611 | D:5      | Reached skill level 2 in Armour
  4611 | D:5      | elongatedgoose: also what i said was skyrim not souls
  4787 | D:5      | Ambrosia: same difference
  4795 | D:5      | Reached XP level 7. HP: 55/55 MP: 6/15
  4870 | D:5      | elongatedgoose: absolutly not
  4934 | D:5      | HP: 25/55 [gnoll/+0 halberd (13)]
  4935 | D:5      | elongatedgoose: like
  5448 | D:5      | elongatedgoose: what the fuck u mean same dif
  5512 | D:5      | Ambrosia: shhhhhhhhh
  5676 | D:6      | elongatedgoose: one is a masterpiece of a series with rich
                  | lore and wonderful characters thrilling combat and a
                  | rewarding gameplay loop
  5705 | D:6      | Reached skill level 3 in Dodging
  5705 | D:6      | Reached skill level 3 in Ice Magic
  5716 | D:6      | Reached skill level 4 in Fire Magic
  5829 | D:6      | Reached skill level 3 in Conjurations
  5829 | D:6      | elongatedgoose: the other is a game to play for a few hours
                  | every 6 months
  5897 | D:6      | Ambrosia: ah
  5917 | D:6      | Found a staircase to the Ecumenical Temple.
  6077 | D:6      | elongatedgoose: darksouls is so good ;_;
  6081 | D:6      | Reached skill level 4 in Spellcasting
  6284 | D:6      | elongatedgoose: skyrim is fine just empty\
  6299 | D:6      | Reached XP level 8. HP: 57/62 MP: 10/17
  6407 | D:6      | Ambrosia: ....
  6407 | D:6      | Ambrosia: please
  6407 | D:6      | Ambrosia: I
  6407 | D:6      | Ambrosia: no that's too mean
  6407 | D:6      | Ambrosia: I can't say
  6539 | D:6      | elongatedgoose: say
  6544 | D:6      | elongatedgoose: now
  6548 | D:6      | Ambrosia: please I don't give a flying fuck
  6706 | D:6      | elongatedgoose: oki
  6708 | D:6      | Reached skill level 3 in Fighting
  6708 | D:6      | Ambrosia: sorry
  6714 | D:6      | Reached skill level 4 in Ice Magic
  7315 | D:6      | elongatedgoose: nah u arent :
  7315 | D:6      | Ambrosia: I'm a bit busy demigoding rn
  7364 | D:7      | Identified the +2 robe of Nuosen {Dex+4}
  7366 | D:7      | elongatedgoose: loser
  7366 | D:7      | elongatedgoose: play darksouls
  7366 | D:7      | Ambrosia: dcss is darksouls on a lesser crack
  7459 | D:7      | elongatedgoose: no?
  7621 | D:7      | Reached skill level 3 in Armour
  7949 | D:7      | Ambrosia: yes
  8066 | D:7      | elongatedgoose: theyre completely diffrent
  8288 | D:7      | Ambrosia: ok
  8288 | D:7      | Ambrosia: please
  8288 | D:7      | Ambrosia: let me magic
  8289 | D:7      | elongatedgoose: no
  8360 | D:8      | elongatedgoose: because magic here inst completely busted
  8409 | D:8      | Reached skill level 5 in Spellcasting
  8675 | D:8      | Found a staircase to the Lair.
  8675 | D:8      | Noticed an elephant
  8676 | D:8      | Ambrosia: NOT AGAIN
  8676 | D:8      | Noticed a kobold demonologist
  8683 | D:8      | elongatedgoose: loser
  8698 | D:8      | Ambrosia: adios muchachos
  8700 | D:8      | elongatedgoose: darksouls is such a good game
  8700 | D:8      | elongatedgoose: dcss is just wannabe cdda
  8793 | D:8      | Reached skill level 4 in Dodging
  8804 | D:8      | HP: 23/59 [wight/+2 dagger of distortion (9)]
  9061 | D:9      | Ambrosia: we aren't going to talk about what tf d 8 was
  9061 | D:9      | Ambrosia: I mean seriously wtf is it
  9061 | D:9      | Ambrosia: that is ridiculous
  9061 | D:9      | elongatedgoose: no
  9061 | D:9      | elongatedgoose: idrc
  9094 | D:9      | Reached XP level 9. HP: 66/68 MP: 16/20
  9099 | D:9      | Reached skill level 5 in Ice Magic
  9102 | D:9      | Reached skill level 4 in Conjurations
  9115 | D:9      | Reached skill level 5 in Fire Magic
  9117 | D:9      | Reached skill level 4 in Fighting
  9457 | D:9      | elongatedgoose: u should play cdda
  9473 | D:9      | Learned a level 5 spell: Irradiate
  9473 | D:9      | Ambrosia: no
  9485 | D:9      | Found Uke Voa's Demolitions Depot.
  9496 | D:9      | Reached skill level 4 in Armour
  9525 | D:9      | elongatedgoose: why
  9555 | D:9      | elongatedgoose: its better dcss
  9588 | D:9      | elongatedgoose: https://cdda.foxlight.info/
  9645 | D:9      | Ambrosia: guess what
  9645 | D:9      | Ambrosia: it's block
  9645 | D:9      | Ambrosia: blocked
  9645 | D:9      | Ambrosia: dumbass
  9666 | D:9      | Noticed jfitz's ghost (novice HOFi)
  9727 | D:9      | Found a transporter.
  9727 | D:9      | Found a transporter.
  9884 | D:9      | Reached skill level 1 in Alchemy
 10068 | D:8      | elongatedgoose: why you such a bitch lately?
 10147 | D:8      | Ambrosia: man idk
 10214 | D:8      | elongatedgoose: everything alright at home?
 10227 | D:8      | HP: 31/71 [yak (6)]
 10232 | D:8      | HP: 11/71 [elephant (7)]
 10236 | D:8      | HP: 4/71 [elephant (2)]
 10238 | D:8      | HP: 1/71 [elephant (13)]
 10238 | D:8      | Slain by a black bear

Illustrated notes

Levels and vault maps discovered:
D:1:      dpeg_arrival_refuge, layout_basic, bh_walls_and_bars
D:2:      layout_rooms, serial_curves, eino_curves_01, eino_curves_01
D:3:      layout_loops_corners, nicolae_uskayaw_murder_on_the_dancefloor,
          uniq_jessica
D:4:      layout_rooms, gammafunk_temple_overflow_forgotten
D:5:      kb_forest_paths, layout_basic
D:6:      layout_basic, minmay_temple_entry_drinking_statues, serial_curves,
          eino_curves_03, eino_curves_04
D:7:      layout_loops_ring, grunt_temple_overflow_open
D:8:      layout_basic, david_lair_generic, enter_bailey_2, minivault_19
D:9:      layout_loops_cross, chei_slow_surprise, gammafunk_ghost_hive,
          nicolae_blasting_shop

Skill      XL: |  1  2  3  4  5  6  7  8  9 |
---------------+----------------------------+-----
Conjurations   | 1 2 3 4 |  4.5
Spellcasting   | 2 3 4 5 |  5.9
Dodging        | 2 3 4 |  4.6
Fire Magic     | 3 4 5 |  5.2
Fighting       | 1 2 3 4 |  4.3
Armour         | 1 2 3 4 |  4.1
Ice Magic      | 1 2 3 4 5 |  5.7
Alchemy        | 1 |  1.0
Stealth        | |  1.7

Action                     |  1- 3 |  4- 6 |  7- 9 || total
---------------------------+-------+-------+-------++-------
  Melee: Unarmed           |    12 |       |       ||    12
         Punch             |     1 |       |     3 ||     4
         Hand axe          |       |    13 |     9 ||    22
         Staff             |       |       |    14 ||    14
         Double sword      |       |       |    43 ||    43
   Cast: Foxfire           |    77 |    87 |    63 ||   227
         Scorch            |     7 |    12 |    38 ||    57
         Frozen Ramparts   |       |     1 |    21 ||    22
         Flame Wave        |       |       |     9 ||     9
    Use: Potion            |     1 |     2 |     4 ||     7
         Scroll            |    10 |     4 |    16 ||    30
 Armour: Robe              |    25 |    43 |   111 ||   179
  Dodge: Dodged            |    21 |    45 |   159 ||   225
  Block: Other             |       |    12 |     2 ||    14

Table legend: (Time is in decaauts)
 A = Elapsed time spent in this place.
 B = Non-inter-level travel time spent in this place.
 C = Inter-level travel time spent in this place.
 D = Time resting spent in this place.
 E = Time spent auto-exploring this place.
 F = Levels seen in this place.
 G = Mean time per level.
                   A        B        C        D        E       F      G
               +--------+--------+--------+--------+--------+-----+--------+
         Total |  10232 |  10027 |    205 |   1522 |   7070 |   9 | 1136.9 |
       Dungeon |  10232 |  10027 |    205 |   1522 |   7070 |   9 | 1136.9 |
               +--------+--------+--------+--------+--------+-----+--------+

Top non-repeatable levels by time:
     D:5: 1695 daAuts
     D:6: 1675 daAuts
     D:9: 1247 daAuts
     D:3: 1199 daAuts
     D:1: 1020 daAuts
     D:7: 1018 daAuts
     D:4: 963 daAuts
     D:2: 782 daAuts
     D:8: 627 daAuts

Levels and vault maps discovered:
D:1:      dpeg_arrival_refuge, layout_basic, bh_walls_and_bars
D:2:      layout_rooms, serial_curves, eino_curves_01, eino_curves_01
D:3:      layout_loops_corners, nicolae_uskayaw_murder_on_the_dancefloor,
          uniq_jessica
D:4:      layout_rooms, gammafunk_temple_overflow_forgotten
D:5:      kb_forest_paths, layout_basic
D:6:      layout_basic, minmay_temple_entry_drinking_statues, serial_curves,
          eino_curves_03, eino_curves_04
D:7:      layout_loops_ring, grunt_temple_overflow_open
D:8:      layout_basic, david_lair_generic, enter_bailey_2, minivault_19
D:9:      layout_loops_cross, chei_slow_surprise, gammafunk_ghost_hive,
          nicolae_blasting_shop

Table legend: (Time is in decaauts)
 A = Elapsed time spent in this place.
 B = Non-inter-level travel time spent in this place.
 C = Inter-level travel time spent in this place.
 D = Time resting spent in this place.
 E = Time spent auto-exploring this place.
 F = Levels seen in this place.
 G = Mean time per level.
                   A        B        C        D        E       F      G
               +--------+--------+--------+--------+--------+-----+--------+
         Total |  10232 |  10027 |    205 |   1522 |   7070 |   9 | 1136.9 |
       Dungeon |  10232 |  10027 |    205 |   1522 |   7070 |   9 | 1136.9 |
               +--------+--------+--------+--------+--------+-----+--------+

Top non-repeatable levels by time:
     D:5: 1695 daAuts
     D:6: 1675 daAuts
     D:9: 1247 daAuts
     D:3: 1199 daAuts
     D:1: 1020 daAuts
     D:7: 1018 daAuts
     D:4: 963 daAuts
     D:2: 782 daAuts
     D:8: 627 daAuts

Table legend:
 A = Kills in this place as a percentage of kills in the entire game.
 B = Kills by you in this place as a percentage of kills by you in the entire game.
 C = Kills by friends in this place as a percentage of kills by friends in the entire game.
 D = Other kills in this place as a percentage of other kills in the entire game.
 E = Experience gained in this place as a percentage of experience gained in the entire game.
 F = Experience gained in this place divided by the number of levels of this place that you have seen.
                   A       B       C       D       E      F
               +-------+-------+-------+-------+-------+----------------------
         Total | 100.0 | 100.0 |   N/A |   N/A | 100.0 | 637.4
       Dungeon | 100.0 | 100.0 |   N/A |   N/A | 100.0 | 637.4
               +-------+-------+-------+-------+-------+----------------------
